 Dungeon Crawl Stone Soup version 0.30-a0-1082-g70414cbcbb (webtiles) character file.

Game seed: 15010101177573586926

3688 cheesebisquit the Thaumaturge (level 10, -2/60 HPs)
             Began as a Djinni Fire Elementalist on Apr 15, 2023.
             Was a Follower of Ashenzari.
             Slain by a wight
             ... wielding a +2 spear of freezing
              (6 damage)
             ... on level 8 of the Dungeon.
             The game lasted 00:31:37 (7479 turns).

cheesebisquit the Thaumaturge (DjFE)                Turns: 7479, Time: 00:31:37

Health: -2/60      AC:  7    Str: 11    XL:     10   Next: 35%
Gold:   436        EV: 13    Int: 25    God:    Ashenzari [*.....] SH:  0 Dex: 14

rFire   + + +      SeeInvis +    y - +2 trident of Doom {freeze, rPois Int+2 SInv Stlth+}
rCold   . . .      Faith    .    v - orb {light}
rNeg    . . .      Spirit   .    e - +1 robe of Josur {Int+2 Slay+2 Stlth+ Archmagi}
rPois   ∞          Reflect  .    d - +1 helmet
rElec   .          Rampage  .    m - scarf {rC+ rF+}
rCorr   .          Archmagi +    t - +1 pair of gloves "Oracular Chagrin" {Cun, Self} (curse)
Will    +++..                    (boots unavailable)
Stlth   ++                       l - amulet of Ashenzari's Apathy {Acrobat, Cun, Melee} (curse)
HPRegen 0.30/turn                r - ring of willpower
MPRegen 0.00/turn                k - ring "Ykyonkoe" {Will+ Str+4}

@: flying, glowing
A: sickness immunity, fire resistance 2, cold vulnerability 1, float, innate
caster, HP casting, extra vitality 1
a: Renounce Religion, Shatter the Chains


You were on level 8 of the Dungeon.
You worshipped Ashenzari.
Ashenzari was aware of your devotion.
You visited 2 branches of the dungeon, and saw 9 of its levels.

You collected 436 gold pieces.

Inventory:

Hand Weapons
 y - the +2 trident of Doom (weapon) {freeze, rPois Int+2 SInv Stlth+}
   (You found it on level 8 of the Dungeon)

   Int:       It affects your intelligence (+2).
   rPois:     It protects you from poison.
   SInv:      It lets you see invisible.
   Stlth:     It makes you more stealthy.
Missiles
 c - a curare-tipped dart
 w - 23 poisoned darts
Armour
 d - a +1 helmet (worn)
 e - the +1 robe of Josur (worn) {Int+2 Slay+2 Stlth+ Archmagi}
   (You found it on level 7 of the Dungeon)

   Int:       It affects your intelligence (+2).
   Slay:      It affects your accuracy & damage with ranged weapons and melee
   (+2).
   Archmagi:  It increases the power of your magical spells.
   Stlth:     It makes you more stealthy.
 m - a scarf of resistance (worn)
 t - the cursed +1 pair of gloves "Oracular Chagrin" (worn) {Cun, Self}
   (You found it on level 4 of the Dungeon)

   It has a curse which improves the following skills: Cunning: Dodging and
   Stealth.
   Introspection: Fighting and Spellcasting.
 v - an orb of light (worn)
 z - a +2 robe of willpower
Jewellery
 a - an amulet of regeneration
 k - the ring "Ykyonkoe" (right hand) {Will+ Str+4}
   (You found it on level 8 of the Dungeon)

   [ring of willpower]

   Str:       It affects your strength (+4).
   Will:      It increases your willpower.
 l - the cursed amulet of Ashenzari's Apathy (around neck) {Acrobat, Cun, Melee}
   (You found it on level 3 of the Dungeon)

   [amulet of the acrobat]

   It increases your evasion while moving and waiting.
   It has a curse which improves the following skills: Cunning: Dodging and
   Stealth.
   Melee Combat: Short Blades, Long Blades, Axes, Maces & Flails, Polearms,
   Staves and Unarmed Combat.
 r - a ring of willpower (left hand)
Wands
 h - a wand of roots (4)
 j - a wand of charming (24)
Scrolls
 g - 3 scrolls of teleportation
 n - a scroll of fear
 q - a scroll of silence
 s - 2 scrolls of torment
 x - 3 scrolls of magic mapping
 A - a scroll of poison
Potions
 b - a potion of magic
 f - a potion of might
 i - a potion of brilliance
 o - 2 potions of lignification
 u - 3 potions of flight


   Skills:
 - Level 2.1(3.1) Dodging
 - Level 1.5(2.4) Stealth
 + Level 11.3(12.0) Spellcasting


You knew the following spells:

 Your Spells              Type           Power      Damage    Failure   Level
a - Foxfire               Conj/Fire      100%       2x1d9     1%          1
b - Lesser Beckoning      Tloc           100%       N/A       1%          2
c - Volatile Blastmotes   Fire/Tloc      100%       2d18      1%          3
d - Inner Flame           Hex/Fire       85%        N/A       1%          3
e - Flame Wave            Conj/Fire      85%        2d18      1%          4
f - Sting                 Tmut/Pois      100%       1d8       1%          1
g - Gell's Gravitas       Tloc           85%        N/A       1%          3
h - Airstrike             Air            42%        2d(7-23)  1%          4
z - Scorch                Fire           100%       2d9       1%          2
Your spell library was empty.

Dungeon Overview and Level Annotations

Branches:
Dungeon (8/15)             Temple (1/1) D:5
   Lair: D:8-11

Altars:
Ashenzari
Cheibriados
Dithmenos
Fedhas
Gozag
Hepliaklqana
Nemelex Xobeh
Okawaru
Qazlal
Ru
Trog
Uskayaw
Wu Jian
Yredelemnul
Zin
The Shining One

Shops:
D:4 (   D:5 (   D:7 :

Annotations:
D:5 3 runed translucent doors, retardedninja's ghost, amateur GnCj
D:7 Joseph


Innate Abilities, Weirdness & Mutations

You are immune to sickness and miasma.
You are immune to poison.
Your flesh is very heat resistant. (rF++)
You are vulnerable to cold. (rC-)
You float through the air rather than walking.
You learn spells naturally, not from books.
Your magical power is your life essence.
You have superior vitality. (+4 MHP)


Message History

The sky beast is moderately wounded.
The wight closely misses you. The orc closely misses you.
Okay, then.
You feel better.
An orc wizard comes into view. It is wielding a staff of conjuration.
The wight barely misses you. The sky beast misses you.
You feel better. The orc closely misses you.
The wight hits you from afar with a +2 spear of freezing.
The wight freezes you. The sky beast misses you.
Casting: Foxfire (safe; 1% risk of failure)
Press: ? - help, Q - select action, (/) - cycle Dir - look around, f - activate You feel a surge of power!
You conjure some foxfire!
The orc closely misses you. The orc barely misses you.
The wight hits you from afar with a +2 spear of freezing.
The wight freezes you. The sky beast hits you.
* * * LOW HITPOINT WARNING * * *
The sky beast shocks you.
* * * LOW HITPOINT WARNING * * *
Casting: Foxfire (safe; 1% risk of failure)
Confirm with . or Enter, or press ? or * to list all spells.
You feel a surge of power!
Flames lash the wight.
The wight is heavily damaged.
The wight's fire resistance burns away.
* * * LOW HITPOINT WARNING * * *
The foxfire hits the orc but does no damage.
The orc is lightly wounded.
The foxfire hits the sky beast.
The sky beast is heavily wounded.
The sky beast barely misses you. The wight barely misses you.
The orc hits you but does no damage. The orc closely misses you.
Casting: Foxfire (safe; 1% risk of failure)
Press: ? - help, Q - select action, (/) - cycle Dir - look around, f - activate You feel a surge of power!
You conjure some foxfire!
* * * LOW HITPOINT WARNING * * *
The orc hits you with a +0 club.
* * * LOW HITPOINT WARNING * * *
The orc hits you with a +0 whip.
* * * LOW HITPOINT WARNING * * *
The wight hits you from afar with a +2 spear of freezing.
You die...

# .# ### # #.
.# .. .# #.#.
.#..#
#...###)...#
#...# .###
#z#o# #....
..###)oY##.....
.......o@v...#
#####.##v....#
### #. #.#####
..# # #.#
#####.# #.#
##..>#.# #.#
#......### #.#
#...(..... #.#
#......### #.#
##...#.#


You could see a sky beast (invisible, ally target), a wight (combustible), an
orc wizard and 2 orcs.

Vanquished Creatures
  A hornet (D:7)
  Grinder (D:4)
  Prince Ribbit (D:5)
  2 wyverns
  Menkaure (D:4)
  2 water moccasins (D:6)
  A black bear (D:6)
  4 ogres
  2 centaurs
  Blork the orc (D:6)
  A kobold brigand (D:7)
  A bullfrog (D:7)
  3 scorpions
  6 wights
  5 killer bees
  5 hounds
  3 jellies
  6 orc priests
  A sleepcap (D:7)
  2 iguanas
  8 orc wizards
  7 adders
  10 gnolls (D:5)
  A white imp (D:6)
  2 worms (D:2)
  2 dart slugs
  24 orcs
  2 ball pythons
  12 bats
  6 endoplasms
  5 giant cockroaches
  9 goblins
  7 hobgoblins
  12 kobolds
  4 quokkas
  2 frilled lizards (D:1)
  9 rats
171 creatures vanquished.

Vanquished Creatures (others)
  444 foxfires
  A plant (D:5)
445 creatures vanquished.

Grand Total: 616 creatures vanquished

Notes
Turn   | Place    | Note
-------+----------+-------------------------------------------
     0 | D:1      | cheesebisquit the Djinni Fire Elementalist began the quest
                  | for the Orb.
     0 | D:1      | cheesebisquit set off with the following spells memorised:
                  | Foxfire, Scorch, Volatile Blastmotes, Inner Flame, Flame
                  | Wave.
     0 | D:1      | Reached XP level 1. HP: 15/15 MP: 0/0
    80 | D:1      | Reached XP level 2. HP: 2/21 MP: 0/0
   258 | D:1      | Reached skill level 3 in Spellcasting
   314 | D:1      | You are sucked into a shaft and drop 1 floor!
   417 | D:2      | Reached XP level 3. HP: 21/25 MP: 0/0
   417 | D:2      | Learned a level 1 spell: Sting
   830 | D:1      | Found a faded altar of an unknown god.
  1011 | D:2      | Reached XP level 4. HP: 26/31 MP: 0/0
  1111 | D:2      | Reached skill level 4 in Spellcasting
  1111 | D:2      | Reached XP level 5. HP: 4/35 MP: 0/0
  1111 | D:2      | Learned a level 2 spell: Lesser Beckoning
  1667 | D:3      | Found an opulent altar of Gozag.
  2114 | D:3      | Reached XP level 6. HP: 23/40 MP: 0/0
  2146 | D:3      | Reached skill level 5 in Spellcasting
  2810 | D:4      | Noticed Menkaure
  2813 | D:4      | Killed Menkaure
  2814 | D:4      | Reached skill level 6 in Spellcasting
  2814 | D:4      | Reached XP level 7. HP: 43/45 MP: 0/0
  2814 | D:4      | Learned a level 3 spell: Gell's Gravitas
  3023 | D:4      | Found Sibygh's Antique Weapon Shop.
  3289 | D:4      | Noticed Grinder
  3298 | D:4      | Killed Grinder
  3299 | D:4      | Reached skill level 7 in Spellcasting
  3299 | D:4      | Reached XP level 8. HP: 45/50 MP: 0/0
  3575 | D:5      | Entered Level 5 of the Dungeon
  3575 | D:5      | Found a staircase to the Ecumenical Temple.
  3578 | D:5      | Noticed Prince Ribbit
  3583 | D:5      | Killed Prince Ribbit
  3592 | Temple   | Entered the Ecumenical Temple
  3763 | Temple   | Became a worshipper of Ashenzari the Shackled
  3797 | D:5      | Reached skill level 8 in Spellcasting
  3907 | D:5      | Reached XP level 9. HP: 49/55 MP: 0/0
  3907 | D:5      | Learned a level 4 spell: Airstrike
  4064 | D:5      | Found Esyps's Hydra Hut.
  4065 | D:5      | Noticed an eight-headed hydra
  4220 | D:5      | Found an iron altar of Okawaru.
  4317 | D:5      | Reached skill level 9 in Spellcasting
  4407 | D:5      | Found a runed translucent gate.
  4409 | D:5      | Found a runed translucent gate.
  4409 | D:5      | Found an opulent altar of Gozag.
  4411 | D:5      | Found a runed translucent gate.
  4412 | D:5      | Noticed retardedninja's ghost (amateur GnCj)
  4853 | D:6      | Noticed Blork the orc
  4857 | D:6      | Killed Blork the orc
  5079 | D:6      | Found a sparkling altar of Nemelex Xobeh.
  5111 | D:6      | Reached skill level 10 in Spellcasting
  5736 | D:7      | Found Upletyse's Book Boutique.
  5762 | D:6      | Reached * piety under Ashenzari
  6080 | D:7      | Reached XP level 10. HP: 52/60 MP: 0/0
  6546 | D:7      | Noticed Joseph
  6558 | D:7      | HP: 1/60 [Joseph/sling bullet (13)]
  6829 | D:7      | Identified the +1 robe of Josur {Int+2 Slay+2 Stlth+
                  | Archmagi}
  6873 | D:7      | Reached ** piety under Ashenzari
  7296 | D:8      | Identified the +2 trident of Doom {freeze, rPois Int+2 SInv
                  | Stlth+}
  7317 | D:8      | Identified the ring "Ykyonkoe" {Will+ Str+4}
  7356 | D:8      | Reached skill level 11 in Spellcasting
  7479 | D:8      | Slain by a wight

Illustrated notes

Levels and vault maps discovered:
D:1:      nicolae_arrival_somewhat_less_tricky_arrival, layout_rooms,
          hellmonk_ecumenical_altar_blasted
D:2:      layout_rooms, minmay_misc_feat_rows
D:3:      layout_loops_ring, nicolae_gozag_seed_capital,
          chequers_serial_rivers_room_b, kennysheep_orc_chapel
D:4:      nicolae_cairo_tiling_very_big, layout_basic, serial_shops, shop,
          uniq_menkaure, uniq_grinder
D:5:      layout_cave_pools, nicolae_kikubaaqudgha_miasma_corner,
          lemuel_doored_altar, minmay_temple_entry_mist, ebering_ghost_gozag,
          doesnt_shop_hydraphobe, uniq_prince_ribbit1
D:6:      layout_basic, kennysheep_mini_moat, uniq_blork_the_orc
D:7:      layout_loops_cross, serial_shops, nicolae_shop_hallway_stairs,
          uniq_joseph
D:8:      layout_loops_ring, nicolae_ossuary_entry_monument, serial_shops, shop,
          minmay_starry_boxes, uniq_erica
Temple:   compressed_dpeg_circular_temple

Skill      XL: |  1  2  3  4  5  6  7  8  9 10 |
---------------+-------------------------------+-----
Spellcasting   | 3 4 6 7 8 10 11 | 11.3
Dodging        | |  2.1
Stealth        | |  1.5

Action                     |  1- 3 |  4- 6 |  7- 9 | 10-12 || total
---------------------------+-------+-------+-------+-------++-------
  Melee: Unarmed           |    11 |       |       |       ||    11
         Dagger            |       |     7 |     2 |       ||     9
   Cast: Foxfire           |    54 |    49 |   123 |    33 ||   259
         Scorch            |       |    24 |    60 |    24 ||   108
         Inner Flame       |       |     1 |     7 |       ||     8
 Invoke: Curse Item        |       |       |     2 |     1 ||     3
         Shatter the Chain |       |       |       |     1 ||     1
    Use: Potion            |     1 |       |     1 |     6 ||     8
         Scroll            |       |       |     1 |     3 ||     4
 Armour: Robe              |    12 |    12 |    26 |    12 ||    62
  Dodge: Dodged            |    19 |    18 |    46 |    47 ||   130

Table legend: (Time is in decaauts)
 A = Elapsed time spent in this place.
 B = Non-inter-level travel time spent in this place.
 C = Inter-level travel time spent in this place.
 D = Time resting spent in this place.
 E = Time spent auto-exploring this place.
 F = Levels seen in this place.
 G = Mean time per level.
                   A        B        C        D        E       F      G
               +--------+--------+--------+--------+--------+-----+--------+
         Total |   7445 |   7027 |    418 |    478 |   5465 |   9 |  827.2 |
       Dungeon |   7267 |   6886 |    381 |    478 |   5338 |   8 |  908.4 |
        Temple |    177 |    140 |     37 |      0 |    127 |   1 |  177.0 |
               +--------+--------+--------+--------+--------+-----+--------+

Top non-repeatable levels by time:
     D:6: 1662 daAuts
     D:3: 1172 daAuts
     D:7: 1149 daAuts
     D:1: 874 daAuts
     D:4: 815 daAuts
     D:2: 711 daAuts
     D:5: 689 daAuts
     D:8: 192 daAuts
  Temple: 177 daAuts
